 Dungeon Sprint DCSS version 0.29-a0-304-gb34f9e133a (webtiles) character file.

Game seed: 9951190952356627329

8103 Conn the Eclecticist (level 11, -33/68 HPs)
             Began as an Octopode Fire Elementalist on Mar 26, 2022.
             Was a High Priest of Sif Muna.
             Annihilated by an alligator snapping turtle (41 damage)
             ... in the Dungeon (Sprint VII: "The Pits").
             The game lasted 00:23:37 (2439 turns).

Conn the Eclecticist (Octopode Fire Elementalist)   Turns: 2439, Time: 00:23:38

Health: -33/68     AC:  1    Str: 11    XL:     11   Next: 25%
Magic:  28/30      EV: 18    Int: 27    God:    Sif Muna [*****.]
Gold:   0          SH:  0    Dex: 13    Spells: 2/41 levels left

rFire   . . .      SeeInvis .   f - +12 rapier of Inij {vorpal, Int+6}
rCold   . . .      Faith    .   (no shield)
rNeg    . . .      Spirit   .   (helmet restricted)
rPois   .          Reflect  .   (no amulet)
rElec   .          Harm     .   d - +3 ring of evasion
rCorr   .          Rampage  .   j - +3 ring of strength
Will    .....      NoTele   +   (no ring)
Stlth   +++++.....              (no ring)
HPRegen 0.21/turn               (no ring)
MPRegen 0.22/turn               (no ring)
                                (no ring)
                                (no ring)

@: on berserk cooldown, slowed, very slow
A: almost no armour, amphibious, 8 rings, camouflage 1, gelatinous body 1,
(nimble swimmer 1), tentacles
a: Renounce Religion, Channel Magic, Forget Spell, Divine Exegesis


You were in the Dungeon.
You worshipped Sif Muna.
Sif Muna was extremely pleased with you.
You visited 1 branch

Inventory:

Hand Weapons
 f - the +12 rapier of Inij (weapon) {vorpal, Int+6}
   (You found it in the Dungeon)

   It inflicts extra damage upon your enemies.
   Int:       It affects your intelligence (+6).
 g - a +2 dagger
 k - a +1 dagger of draining
 o - the +2 rapier of Duboaq {pain, *Noise Str+3 Dex+3}
   (You found it in the Dungeon)

   In the hands of one skilled in necromantic magic, it inflicts extra damage on
   living creatures.
   Str:       It affects your strength (+3).
   Dex:       It affects your dexterity (+3).
   *Noise:    It may make noises in combat.
Jewellery
 d - a +3 ring of evasion (left tentacle)
 j - a +3 ring of strength (right tentacle)
Scrolls
 i - 5 scrolls of amnesia
Potions
 a - 5 potions of magic
 b - 4 potions of curing
 e - 3 potions of berserk rage
 l - a potion of might
 m - a potion of brilliance
 n - a potion of haste


   Skills:
 + Level 3.7 Fighting
 + Level 2.9 Short Blades
 + Level 6.5 Dodging
 + Level 7.8 Stealth
 * Level 15.7 Spellcasting
 * Level 9.7 Conjurations
 + Level 3.9 Hexes
 + Level 13.8 Fire Magic
 + Level 1.0 Ice Magic
 + Level 1.6 Air Magic
 * Level 9.0 Invocations


You had 2 spell levels left.
You knew the following spells:

 Your Spells              Type           Power      Damage    Failure   Level
a - Foxfire               Conj/Fire      100%       2x1d9     1%          1
b - Conjure Flame         Conj/Fire      71%        6-21      1%          3
c - Inner Flame           Hex/Fire       62%        N/A       1%          3
d - Flame Wave            Conj/Fire      71%        2d13      1%          4
e - Scorch                Fire           100%       2d10      0%          2
f - Fulminant Prism       Conj/Hex       27%        3d14      1%          4
g - Chain Lightning       Conj/Air       25%        3d34      100%        9
h - Hailstorm             Conj/Ice       50%        3d11      2%          4
i - Fire Storm            Conj/Fire      35%        8d9       100%        9

Your spell library contained the following spells:

 Spells                   Type           Power      Damage    Failure   Level
 Corpse Rot               Necr/Air       50%        N/A       2%          2
 Wereblood                Tmut           21%        N/A       3%          2
 Dazzling Flash           Conj/Hex       100%       N/A       1%          3
 Fireball                 Conj/Fire      35%        3d15      1%          5
 Portal Projectile        Hex/Tloc       62%        N/A       3%          3
 Starburst                Conj/Fire      35%        6d10      3%          6
 Frozen Ramparts          Ice            54%        1d7       4%          3
 Ozocubu's Armour         Ice            27%        N/A       4%          3
 Cause Fear               Hex            21%        N/A       4%          4
 Lightning Bolt           Conj/Air       25%        1d41      6%          5
 Vampiric Draining        Necr           21%        2d7       7%          3
 Ice Form                 Ice/Tmut       24%        N/A       19%         4
 Silence                  Hex/Air        18%        N/A       22%         5
 Metabolic Englaciation   Hex/Ice        17%        N/A       24%         5
 Borgnjor's Vile Clutch   Necr/Erth      10%        N/A       54%         5
 Excruciating Wounds      Necr           10%        N/A       54%         5
 Enfeeble                 Hex            21%        N/A       99%         7
 Polar Vortex             Ice            13%        N/A       100%        9


Dungeon Overview and Level Annotations

Branches:
Dungeon (1/1)

Altars:
Ashenzari
Cheibriados
Dithmenos
Elyvilon
Fedhas
Gozag
Hepliaklqana
Kikubaaqudgha
Makhleb
Nemelex Xobeh
Okawaru
Qazlal
Ru
Sif Muna
Trog
Uskayaw
Vehumet
Wu Jian
Xom
Yredelemnul
Zin
The Shining One
Beogh
Jiyva
Lugonu

Annotations:
D Psyche


Innate Abilities, Weirdness & Mutations

You cannot wear most types of armour.
You are amphibious.
You can wear up to eight rings at the same time.
Your skin changes colour to match your surroundings (Stealth+).
Your rubbery body absorbs attacks. (AC +1, EV +1)
((You are camouflaged when in or above water. (Stealth+)))
You have tentacles for arms and can constrict up to eight enemies at once.


Message History

Unknown command.
Unknown command.
Unknown command.
Unknown command.
Unknown command.
You hit the sun demon. Your squeeze misses the sun demon.
The sun demon is severely wounded.
You constrict the sun demon. The sun demon barely misses you.
A red film seems to cover your vision as you go berserk!
You feel yourself moving faster!
You feel mighty!
You constrict the sun demon, but do no damage.
The sun demon completely misses you.
You hit the sun demon. You squeeze the sun demon!
You kill the sun demon!
Sif Muna accepts your kill.
Your Ice Magic skill increases to level 1!
Your Invocations skill increases to level 9!
You feel a strong urge to attack something.
You are too berserk!
Unknown command.
You are too berserk!
Unknown command.
You feel your anger nearly subside.
You are no longer berserk.
You are exhausted.
You feel yourself slow down.
Okay, then.
Press: ? - help, v - describe, . - travel
Here: an alligator snapping turtle The floor, spattered with blood.
Unknown command.
Unknown command.
Unknown command.
Things that are here:
a +0 shortbow; a centaur corpse
There is a huge open gate here.
There is a huge open gate leading to the Armoury (Hard) here.
Okay, then.
The alligator snapping turtle bites you from afar!!!
Ouch! That really hurt!
You die...

## .# .# .###########++##########
'##................##..#
.##......#..#......##..#
.##................''..#
).'................''..##########
###......#..#...@.t##.)..E.......
.##................##............
)#####'#####''###################
)##.......##''################ ##
)##.......##..#..............###.
[##.......##..##.............)#..
###...<...##..####...#'######...#
.##.......##..#..#####.##...##'##
.##.......##.)#....##...#...#...#


You could see an alligator snapping turtle.

Vanquished Creatures
  An emperor scorpion (D)
  A sun demon (D)
  2 flayed ghosts (D)
  A lindwurm (D)
  A sea snake (D)
  A deep elf zephyrmancer (D)
  An elephant (D)
  Joseph (D)
  An orange demon (D)
  A rime drake (D)
  A komodo dragon (D)
  A hellwing (D)
  An ice devil (D)
  A tarantella (D)
  Grinder (D)
  A spriggan (D)
  A wraith (D)
  A fire bat (D)
  2 vampire mosquitoes (D)
  2 redbacks (D)
  2 wargs (D)
  2 floating eyes (D)
  A sky beast (D)
  An ice beast (D)
  A centaur (D)
  3 scorpions (D)
  A necrophage (D)
  A gnoll shaman (D)
  A gnoll (D)
  A river rat (D)
  A white imp (D)
  3 ufetubi (D)
  2 orcs (D)
  A goblin (D)
  A hobgoblin (D)
  A quokka (D)
  A ball python zombie (D)
  A bat simulacrum (D)
  A frilled lizard (D)
  A quokka skeleton (D)
  A rat (D)
51 creatures vanquished.

Vanquished Creatures (collateral kills)
  A necrophage (D)
1 creature vanquished.

Vanquished Creatures (others)
  52 foxfires (D)
  2 fulminant prisms (D)
54 creatures vanquished.

Grand Total: 106 creatures vanquished

Notes
Turn   | Place    | Note
-------+----------+-------------------------------------------
     0 | D        | Conn the Octopode Fire Elementalist began the quest for the
                  | Orb.
     0 | D        | Reached XP level 1. HP: 11/11 MP: 3/3
    40 | D        | Found a glowing golden altar of the Shining One.
    40 | D        | Found a glowing silver altar of Zin.
    40 | D        | Found a basalt altar of Yredelemnul.
    40 | D        | Found a shimmering altar of Xom.
    40 | D        | Found an ornate altar of the Wu Jian Council.
    40 | D        | Found a bloodstained altar of Trog.
    40 | D        | Found a shimmering blue altar of Sif Muna.
    40 | D        | Found a sacrificial altar of Ru.
    40 | D        | Found a stormy altar of Qazlal.
    40 | D        | Found an iron altar of Okawaru.
    40 | D        | Found a sparkling altar of Nemelex Xobeh.
    40 | D        | Found a burning altar of Makhleb.
    40 | D        | Found a viscous altar of Jiyva.
    40 | D        | Found a hazy altar of Hepliaklqana.
    40 | D        | Found an opulent altar of Gozag.
    40 | D        | Found a blossoming altar of Fedhas.
    40 | D        | Found a white marble altar of Elyvilon.
    40 | D        | Found a shadowy altar of Dithmenos.
    40 | D        | Found a snail-covered altar of Cheibriados.
    41 | D        | Found a radiant altar of Vehumet.
    41 | D        | Found a corrupted altar of Lugonu.
    42 | D        | Found an ancient bone altar of Kikubaaqudgha.
    42 | D        | Found a hide-covered altar of Uskayaw.
    42 | D        | Found a broken altar of Ashenzari.
    43 | D        | Became a worshipper of Sif Muna the Loreminder
    57 | D        | Noticed a floating eye
    57 | D        | Noticed a floating eye
    59 | D        | Paralysed by a floating eye for 2 turns
    64 | D        | Killed a floating eye
    65 | D        | Reached skill level 4 in Spellcasting
    65 | D        | Reached XP level 2. HP: 17/17 MP: 0/7
    65 | D        | Reached XP level 3. HP: 21/21 MP: 0/8
    65 | D        | Reached XP level 4. HP: 27/27 MP: 0/10
   151 | D        | Killed a floating eye
   152 | D        | Reached skill level 5 in Stealth
   152 | D        | Reached skill level 5 in Spellcasting
   152 | D        | Reached XP level 5. HP: 31/31 MP: 7/12
   157 | D        | Learned a level 3 spell: Conjure Flame
   161 | D        | Learned a level 3 spell: Inner Flame
   166 | D        | Learned a level 4 spell: Flame Wave
   169 | D        | Learned a level 2 spell: Scorch
   172 | D        | Reached * piety under Sif Muna
   186 | D        | Reached ** piety under Sif Muna
   187 | D        | Reached skill level 1 in Invocations
   187 | D        | Reached XP level 6. HP: 24/36 MP: 4/14
   343 | D        | Noticed a warg
   344 | D        | Noticed a warg
   350 | D        | Reached *** piety under Sif Muna
   351 | D        | Reached skill level 6 in Spellcasting
   352 | D        | Killed a warg
   353 | D        | Reached skill level 7 in Spellcasting
   353 | D        | Reached XP level 7. HP: 32/42 MP: 2/17
   358 | D        | Killed a warg
   359 | D        | Reached skill level 5 in Dodging
   359 | D        | Reached skill level 10 in Fire Magic
   370 | D        | Reached **** piety under Sif Muna
   371 | D        | Reached skill level 8 in Spellcasting
   371 | D        | Reached skill level 1 in Hexes
   503 | D        | Noticed a komodo dragon
   514 | D        | Killed a komodo dragon
   515 | D        | Reached skill level 1 in Fighting
   515 | D        | Reached skill level 1 in Short Blades
   515 | D        | Reached skill level 9 in Spellcasting
   515 | D        | Reached skill level 5 in Invocations
   515 | D        | Reached XP level 8. HP: 24/48 MP: 14/21
   536 | D        | Reached skill level 5 in Conjurations
   543 | D        | Reached ***** piety under Sif Muna
   543 | D        | Received a gift from Sif Muna
   544 | D        | Got Sif Muna's Grimoire of Ensnaring Stolen Souls {god
                  | gift}
   576 | D        | Noticed Grinder
   576 | D        | Noticed a spriggan
   577 | D        | Noticed a tarantella
   590 | D        | Killed a spriggan
   590 | D        | Killed a tarantella
   590 | D        | Paralysed by Grinder for 2 turns
   591 | D        | Reached skill level 10 in Spellcasting
   591 | D        | Killed Grinder
   592 | D        | Reached XP level 9. HP: 24/54 MP: 10/23
   807 | D        | Got the +2 rapier of Duboaq {pain, *Noise Str+3 Dex+3}
   904 | D        | Reached skill level 11 in Spellcasting
  1180 | D        | Noticed a flayed ghost
  1186 | D        | Received a gift from Sif Muna
  1196 | D        | Killed a flayed ghost
  1197 | D        | Reached skill level 12 in Spellcasting
  1238 | D        | Got Sif Muna's Handbook of Ensnaring Feathers {god gift}
  1246 | D        | Learned a level 4 spell: Fulminant Prism
  1257 | D        | Learned a level 9 spell: Chain Lightning
  1263 | D        | Noticed an elephant
  1263 | D        | Noticed a deep elf zephyrmancer
  1272 | D        | Killed a deep elf zephyrmancer
  1272 | D        | Received a gift from Sif Muna
  1280 | D        | Killed an elephant
  1281 | D        | Reached skill level 13 in Spellcasting
  1281 | D        | Reached XP level 10. HP: 5/63 MP: 1/27
  1580 | D        | Got Juizoolu's Incunabulum of Harmful Darkness {god gift}
  1594 | D        | Learned a level 4 spell: Hailstorm
  1645 | D        | Noticed an orange demon
  1651 | D        | Killed an orange demon
  1729 | D        | Noticed an emperor scorpion
  1768 | D        | Killed an emperor scorpion
  1769 | D        | Reached skill level 14 in Spellcasting
  1922 | D        | Got the +12 rapier of Inij {vorpal, Int+6}
  1932 | D        | Noticed a sea snake
  1933 | D        | Noticed a lindwurm
  1939 | D        | Killed a lindwurm
  1939 | D        | Received a gift from Sif Muna
  1941 | D        | Noticed Joseph
  1944 | D        | HP: 1/63 [sea snake (23)]
  1945 | D        | Killed a sea snake
  1946 | D        | Reached skill level 15 in Spellcasting
  1946 | D        | Reached XP level 11. HP: 1/67 MP: 8/30
  1951 | D        | Killed Joseph
  1952 | D        | Reached skill level 1 in Air Magic
  1954 | D        | Got Sif Muna's Catalogue of Cold {god gift}
  1967 | D        | Learned a level 9 spell: Fire Storm
  2214 | D        | Noticed Psyche
  2263 | D        | Noticed a flayed ghost
  2269 | D        | Killed a flayed ghost
  2269 | D        | Received a gift from Sif Muna
  2273 | D        | Got Sif Muna's Grimoire of Harmful Transmigration {god
                  | gift}
  2416 | D        | Noticed an alligator snapping turtle
  2416 | D        | Noticed a sun demon
  2423 | D        | Killed a sun demon
  2424 | D        | Reached skill level 1 in Ice Magic
  2439 | D        | Annihilated by an alligator snapping turtle

Illustrated notes

Levels and vault maps discovered:
D:        pitsprint [storerooms_1, entrance_room_1, metal_vault_1, armoury_3,
          mini_pit_1, grid_room_1, main_hall_1, silver_pit, the_coven_3,
          the_vestibule_1, steel_vault_3, golden_pit, hallway_of_sentries,
          crystal_vault_2, iron_vault_4, final_vault]

Skill      XL: |  1  2  3  4  5  6  7  8  9 10 11 |
---------------+----------------------------------+-----
Dodging        | 3 4 5 6 |  6.5
Stealth        | 4 5 6 7 |  7.8
Spellcasting   | 4 5 7 9 10 13 15 | 15.7
Fire Magic     | 7 8 9 10 11 12 13 | 13.8
Conjurations   | 2 3 4 6 7 9 |  9.7
Invocations    | 1 3 5 6 7 8 9 |  9.0
Hexes          | 1 2 3 |  3.9
Fighting       | 1 2 3 |  3.7
Short Blades   | 1 2 |  2.9
Air Magic      | 1 |  1.6
Ice Magic      | 1 |  1.0

Action                   |  1- 3 |  4- 6 |  7- 9 | 10-12 || total
-------------------------+-------+-------+-------+-------++-------
Melee: Dagger            |     1 |    10 |    12 |       ||    23
       Constrict         |     1 |     3 |     2 |     2 ||     8
       Tentacles         |       |     3 |     1 |     2 ||     6
       Rapier            |       |       |       |     9 ||     9
       Punch             |       |       |       |     1 ||     1
 Cast: Foxfire           |     5 |     7 |     9 |    13 ||    34
       Scorch            |       |     9 |    27 |    19 ||    55
       Inner Flame       |       |     1 |     5 |     5 ||    11
       Flame Wave        |       |       |     4 |     1 ||     5
       Hailstorm         |       |       |       |    10 ||    10
       Chain Lightning   |       |       |       |     2 ||     2
       Fulminant Prism   |       |       |       |     2 ||     2
Invok: Channel Magic     |       |       |     1 |     1 ||     2
       Divine Exegesis   |       |       |       |     2 ||     2
  Use: Scroll            |       |     1 |       |     1 ||     2
       Potion            |       |       |     8 |     9 ||    17
 Stab: Sleeping          |       |     1 |     2 |     1 ||     4
Armor: Skin              |       |       |     1 |     3 ||     4
Dodge: Dodged            |       |    15 |    34 |    33 ||    82

Table legend: (Time is in decaauts)
 A = Elapsed time spent in this place.
 B = Non-inter-level travel time spent in this place.
 C = Inter-level travel time spent in this place.
 D = Time resting spent in this place.
 E = Time spent auto-exploring this place.
 F = Levels seen in this place.
 G = Mean time per level.
                   A        B        C        D        E       F      G
               +--------+--------+--------+--------+--------+-----+--------+
         Total |   2435 |   2435 |      0 |   1551 |      4 |   1 | 2435.0 |
       Dungeon |   2435 |   2435 |      0 |   1551 |      4 |   1 | 2435.0 |
               +--------+--------+--------+--------+--------+-----+--------+

Top non-repeatable levels by time:
       D: 2435 daAuts
